 Dungeon Crawl Stone Soup version 0.28.0-53-g5a82cb258f (webtiles) character file.

Game seed: 4878905021559954580

32848 Jerry the Fighter (level 13, -1/74 HPs)
             Began as a Vine Stalker Fighter on Sept 15, 2022.
             Was a Follower of Uskayaw.
             Slain by an orc warrior
             ... wielding a +0 war axe
              (3 damage)
             ... on level 9 of the Dungeon.
             The game lasted 01:04:51 (14062 turns).

Jerry the Fighter (Vine Stalker Fighter)           Turns: 14062, Time: 01:04:52

Health: -1/74      AC: 22    Str: 20    XL:     13   Next: 67%
Magic:  0/21       EV: 11    Int:  8    God:    Uskayaw [*.....]
Gold:   538        SH:  6    Dex: 18    Spells: 12/12 levels left

rFire   . . .      SeeInvis +   K - +2 dagger of Tenacity {drain, rElec rC- Will+}
rCold   . . .      Faith    .   c - +0 buckler
rNeg    . . .      Spirit   +   H - +3 chain mail
rPois   +          Reflect  .   (helmet restricted)
rElec   +          Harm     .   l - +1 cloak
rCorr   +          Rampage  .   z - +1 pair of gloves
Will    ++...                   x - +1 pair of boots
Stlth   ..........              N - amulet "Xeig" {Spirit rC+ rCorr}
HPRegen 1.02/turn               p - +4 ring of evasion
MPRegen 0.17/turn               B - ring of see invisible

@: no status effects
A: fangs 3, regeneration 1, magic shield, antimagic bite, no potion heal 2,
horns 1, poison resistance
a: Renounce Religion, Stomp


You were on level 9 of the Dungeon.
You worshipped Uskayaw.
Uskayaw was aware of your devotion.
You visited 4 branches of the dungeon, and saw 17 of its levels.
You also visited: Bailey and Gauntlet.

You collected 790 gold pieces.
You spent 252 gold pieces at shops.

Inventory:

Hand Weapons
 a - a +1 rapier
 w - a +2 dagger of speed
 K - the +2 dagger of Tenacity (weapon) {drain, rElec rC- Will+}
   (You bought it in a shop on level 12 of the Dungeon)

   A truly terrible weapon, it drains the life of any living foe it strikes.
   rC:        It makes you vulnerable to cold.
   rElec:     It insulates you from electricity.
   Will:      It increases your willpower.
Missiles
 h - 4 curare-tipped darts (quivered)
Armour
 c - a +0 buckler (worn)
 l - a +1 cloak (worn)
 x - a +1 pair of boots (worn)
 z - a +1 pair of gloves (worn)
 H - a +3 chain mail (worn)
 J - the +2 helmet of Reason {rN+ Int+3}
   (You found it in a Gauntlet)

   Int:       It affects your intelligence (+3).
   rN:        It protects you from negative energy.
Jewellery
 p - a +4 ring of evasion (left hand)
 t - a ring of poison resistance
 v - a ring of flight
 y - a ring of resist corrosion
 B - a ring of see invisible (right hand)
 G - a +4 ring of protection
 M - a ring of fire
 N - the amulet "Xeig" (around neck) {Spirit rC+ rCorr}
   (You found it in a Gauntlet)

   [amulet of guardian spirit]

   It causes incoming damage to be divided between your reserves of health and
   magic.
   rC:        It protects you from cold.
   rCorr:     It protects you from acid and corrosion.
Wands
 b - a wand of paralysis (2)
 d - a wand of polymorph (7)
 A - a wand of iceblast (10)
 L - a wand of flame (14)
Scrolls
 i - 5 scrolls of teleportation
 j - a scroll of fog
 r - 3 scrolls of fear
 s - a scroll of acquirement {unknown}
 u - 2 scrolls of vulnerability {unknown}
 F - 2 scrolls of enchant weapon
 I - a scroll of enchant armour {unknown}
 Q - a scroll of magic mapping
Potions
 e - 9 potions of curing
 f - a potion of berserk rage {unknown}
 g - 2 potions of resistance
 k - 5 potions of flight
 m - 3 potions of lignification
 n - a potion of haste
 o - 4 potions of attraction
 q - 5 potions of brilliance
 C - a potion of cancellation {unknown}
 D - a potion of invisibility
 E - 2 potions of heal wounds
Miscellaneous
 O - a phial of floods


   Skills:
 + Level 11.1 Fighting
 + Level 10.9 Short Blades
 + Level 10.2 Armour
 - Level 5.5 Shields
 + Level 10.4 Invocations


You had 12 spell levels left.
You didn't know any spells.
Your spell library contained the following spells:

 Spells                   Type           Power      Damage    Failure   Level
 Foxfire                  Conj/Fire      0%         2x1d4     98%         1
 Sandblast                Erth           0%         2d4       98%         1
 Blink                    Tloc           0%         N/A       99%         2
 Ensorcelled Hibernation  Hex/Ice        0%         N/A       99%         2
 Passwall                 Tmut/Erth      0%         N/A       99%         2
 Sublimation of Blood     Necr           0%         N/A       99%         2
 Conjure Flame            Conj/Fire      0%         6-21      100%        3
 Dazzling Flash           Conj/Hex       0%         N/A       100%        3
 Inner Flame              Hex/Fire       0%         N/A       100%        3
 Lesser Beckoning         Tloc           0%         N/A       100%        3
 Portal Projectile        Hex/Tloc       0%         N/A       100%        3
 Spider Form              Tmut/Pois      0%         N/A       100%        3
 Stone Arrow              Conj/Erth      0%         3d7       100%        3
 Anguish                  Hex/Necr       0%         N/A       100%        4
 Animate Armour           Summ/Erth      0%         N/A       100%        4
 Cause Fear               Hex            0%         N/A       100%        4
 Flame Wave               Conj/Fire      0%         2d4       100%        4
 Iskenderun's Mystic Bla  Conj/Tloc      0%         2d3       100%        4
 Petrify                  Tmut/Erth      0%         N/A       100%        4
 Alistair's Intoxication  Tmut/Pois      0%         N/A       100%        5
 Blade Hands              Tmut           0%         N/A       100%        5
 Borgnjor's Vile Clutch   Necr/Erth      0%         N/A       100%        5
 Excruciating Wounds      Necr           0%         N/A       100%        5
 Irradiate                Conj/Tmut      0%         3d14      100%        5
 Manifold Assault         Tloc           0%         N/A       100%        5
 Eringya's Noxious Bog    Tmut/Pois      0%         N/A       100%        6
 Starburst                Conj/Fire      0%         6d3       100%        6
 Discord                  Hex            0%         N/A       100%        8
 Lehudib's Crystal Spear  Conj/Erth      0%         10d2      100%        8
 Chain Lightning          Conj/Air       0%         N/A       100%        9
 Fire Storm               Conj/Fire      0%         5d1       100%        9
 Shatter                  Erth           0%         3d5*      100%        9


Dungeon Overview and Level Annotations

Branches:
Dungeon (14/15)            Temple (1/1) D:4            Lair (1/6) D:11
    Orc (1/2) D:9          Vaults (0/5) D:13         Bailey (visited)
Gauntlet (visited)

Altars:
Ashenzari
Cheibriados
Dithmenos
Elyvilon
Fedhas
Gozag
Hepliaklqana
Kikubaaqudgha
Makhleb
Nemelex Xobeh
Okawaru
Qazlal
Ru
Sif Muna
Trog
Uskayaw
Vehumet
Wu Jian
Xom
Yredelemnul
Zin
The Shining One
Beogh

Shops:
D:4 ?   D:8 *   D:9 =   D:12 (


Innate Abilities, Weirdness & Mutations

You have razor-sharp teeth.
Your natural rate of healing is unusually fast.
When hurt, damage is shared between your health and your magic reserves.
Your bite disrupts and absorbs the magic of your enemies.
Potions cannot restore your health.
You have a pair of small horns on your head.
Your system is resistant to poisons. (rPois)


Message History

You hear a shout!
There is a staircase back to the Dungeon, spattered with blood here.
You see here a +0 dagger.
The ogre shouts!
The ettin hits you with a +0 dire flail!!
The ettin hits you but does no damage.
The orc sorcerer hits you with a +0 dagger.
The orc warrior hits you but does no damage. x2
The orc hits you but does no damage.
You climb upwards.
Welcome back to the Dungeon!
There is a staircase to the Orcish Mines, spattered with blood here.
Things that are here:
a +0 leather armour; a +0 dagger You closely miss the orc sorcerer.
You headbutt the orc sorcerer. Your bite misses the orc sorcerer.
The orc sorcerer is lightly wounded.
You block the ettin's attack. The ettin completely misses you.
You hit the orc sorcerer but do no damage.
You bite the orc sorcerer, but do no damage.
The orc sorcerer is lightly wounded.
The orc sorcerer points at you and mumbles some strange words.
The bolt of fire hits you!
The orc wizard hits you with a +0 dagger.
The orc warrior hits you but does no damage.
The orc warrior hits you with a +0 war axe.
The orc hits you but does no damage.
You hit the orc sorcerer but do no damage.
You drain the orc sorcerer. Your bite misses the orc sorcerer.
The orc sorcerer is moderately wounded.
The ettin hits you with a +0 dire flail!! x2
* * * LOW HITPOINT WARNING * * *
You hit the orc sorcerer but do no damage.
You headbutt the orc sorcerer, but do no damage.
Your bite misses the orc sorcerer.
The orc sorcerer is moderately wounded.
You block the orc sorcerer's attack.
The orc wizard hits you but does no damage.
The orc warrior hits you but does no damage.
The orc warrior hits you with a +0 war axe.
You die...

#..####...####.####.#.#
#...................#.#
#.#####...####.###..#.##
#.# ##.## #.# #.....#
#.### #.#####.# #...#..
#...#######....####....#
###.#8...8###...........
#.#.ooo.########......
#.#.C@).#.........###.
#.#[oo[(#.######.## #.
#.#8))[8#.# #.# ##
#.###)###.# #.#####
#...[[....# #......
########### #######


You could see an ettin, an orc sorcerer (drained), 2 orc warriors, an orc wizard
and an orc.

Vanquished Creatures
  Jorgrun (D:11)
  A minotaur (Gauntlet)
  4 vault guards (D:13)
  Erica (D:9)
  A centaur warrior (D:13)
  8 two-headed ogres
  An orc high priest (D:9)
  A fire crab (Gauntlet)
  A deep elf archer (D:13)
  A necromancer (Gauntlet)
  Pikel (D:7)
  2 deep elf pyromancers
  3 manticores
  2 ugly things
  A cyclops (D:12)
  2 gargoyles
  4 kobold demonologists
  2 komodo dragons (D:11)
  An efreet (D:13)
  5 trolls
  2 hornets
  2 slime creatures (D:13)
  Prince Ribbit (D:8)
  2 shadows
  4 yaks (D:9)
  3 vampires
  5 spriggans (Bailey)
  4 wyverns
  2 wraiths
  4 fire bats (Gauntlet)
  2 steam dragons
  15 vampire mosquitoes (D:12)
  A warg (D:9)
  3 acid dragons
  A water moccasin (D:8)
  8 orc warriors
  Duvessa (D:4)
  2 hornet zombies
  4 sky beasts
  A black bear (D:7)
  4 ice beasts
  A necrophage (D:6)
  11 ogres
  4 wolves (Gauntlet)
  2 centaurs
  A lemure (D:7)
  7 kobold brigands
  A bullfrog (D:8)
  7 gnoll sergeants
  2 scorpions (D:5)
  2 wyvern zombies
  A water moccasin zombie (D:6)
  Dowan (D:4)
  6 killer bees
  2 howler monkeys (D:8)
  3 centaur zombies
  2 hounds
  A centaur skeleton (D:7)
  A jelly (D:8)
  Crazy Yiuf (D:2)
  4 orc priests
  A gnoll shaman (D:6)
  A bullfrog skeleton (D:6)
  An iguana (D:4)
  15 orc wizards
  4 killer bee zombies
  3 hound skeletons
  18 gnolls
  A howler monkey zombie (D:7)
  2 adders
  A shadow imp (D:6)
  A white imp (D:6)
  An adder skeleton (D:3)
  A worm (D:2)
  6 dart slugs
  50 orcs
  9 ball pythons
  7 endoplasms
  2 giant cockroaches
  10 goblins
  5 hobgoblins
  11 jackals
  7 kobolds
  A quokka (D:3)
  3 bats
  A frilled lizard (D:1)
  6 rats
342 creatures vanquished.

Vanquished Creatures (collateral kills)
  2 gnolls (D:8)
2 creatures vanquished.

Vanquished Creatures (others)
  2 plants (D:11)
2 creatures vanquished.

Grand Total: 346 creatures vanquished

Notes
Turn   | Place    | Note
-------+----------+-------------------------------------------
     0 | D:1      | Jerry the Vine Stalker Fighter began the quest for the Orb.
     0 | D:1      | Reached XP level 1. HP: 11/11 MP: 2/2
    41 | D:1      | Reached XP level 2. HP: 16/16 MP: 3/3
   580 | D:1      | Found a faded altar of an unknown god.
   621 | D:1      | Reached skill level 3 in Fighting
   624 | D:1      | Reached XP level 3. HP: 15/20 MP: 4/4
  1853 | D:2      | Gained mutation: Your natural rate of healing is unusually
                  | fast. [Vine Stalker growth]
  1853 | D:2      | Reached XP level 4. HP: 16/24 MP: 3/5
  1885 | D:2      | Found a runed translucent door.
  1886 | D:2      | Noticed Crazy Yiuf
  1893 | D:2      | Killed Crazy Yiuf
  2569 | D:3      | Reached XP level 5. HP: 28/28 MP: 6/6
  3186 | D:4      | Noticed an ogre
  3225 | D:4      | Found Lacepri's Magic Scroll Shoppe.
  3234 | D:4      | Gained mutation: You passively map a small area around you.
                  | [potion of mutation]
  3234 | D:4      | Gained mutation: You are frail. (-10% HP) [potion of
                  | mutation]
  3294 | D:4      | Noticed a sky beast
  3318 | D:4      | Killed a sky beast
  3319 | D:4      | Reached XP level 6. HP: 21/29 MP: 3/7
  3520 | D:4      | Reached skill level 4 in Fighting
  3557 | D:4      | Found a staircase to the Ecumenical Temple.
  3565 | Temple   | Entered the Ecumenical Temple
  3819 | Temple   | Became a worshipper of Uskayaw the Reveller
  3929 | D:4      | Reached * piety under Uskayaw
  3931 | D:4      | Reached ** piety under Uskayaw
  4218 | D:5      | Entered Level 5 of the Dungeon
  4218 | D:5      | Noticed Duvessa
  4218 | D:5      | Noticed Dowan
  4336 | D:5      | Reached XP level 7. HP: 9/33 MP: 1/8
  4589 | D:5      | Reached *** piety under Uskayaw
  4748 | D:5      | Lost mutation: You passively map a small area around you.
                  | [potion of mutation]
  4748 | D:5      | Lost mutation: You are frail. (-10% HP) [potion of
                  | mutation]
  4748 | D:5      | Gained mutation: Your system is resistant to poisons.
                  | (rPois) [potion of mutation]
  4748 | D:5      | Gained mutation: You expend magic power (3 MP) to
                  | strengthen your wands. [potion of mutation]
  4748 | D:5      | Lost mutation: You expend magic power (3 MP) to strengthen
                  | your wands. [potion of mutation]
  4748 | D:5      | Gained mutation: You have a pair of small horns on your
                  | head. [potion of mutation]
  4946 | D:4      | Killed Duvessa
  4947 | D:4      | Gained mutation: You have razor-sharp teeth. [Vine Stalker
                  | growth]
  4947 | D:4      | Reached XP level 8. HP: 42/42 MP: 9/9
  4949 | D:4      | Killed Dowan
  4949 | D:4      | Reached **** piety under Uskayaw
  4998 | D:6      | Reached skill level 5 in Fighting
  4998 | D:6      | Reached skill level 5 in Shields
  5160 | D:6      | Noticed a troll
  5252 | D:6      | Reached skill level 5 in Short Blades
  5307 | D:6      | Reached skill level 5 in Armour
  5821 | D:7      | Reached skill level 1 in Invocations
  5851 | D:7      | Reached XP level 9. HP: 48/48 MP: 10/10
  6067 | D:7      | Reached ***** piety under Uskayaw
  6142 | D:7      | Reached skill level 6 in Fighting
  6264 | D:7      | Noticed Pikel
  6303 | D:7      | Killed Pikel
  6916 | D:8      | Noticed a hornet
  6924 | D:8      | Killed a hornet
  6925 | D:8      | Reached XP level 10. HP: 49/53 MP: 14/14
  6926 | D:8      | Reached skill level 7 in Fighting
  7019 | D:8      | Found Jelaxkis's General Store.
  7098 | D:8      | Reached ****** piety under Uskayaw
  7170 | D:8      | Noticed Prince Ribbit
  7180 | D:8      | Killed Prince Ribbit
  7314 | D:8      | Found a flagged portal.
  7329 | Bailey   | Entered a bailey
  7348 | Bailey   | Reached skill level 5 in Invocations
  7558 | Bailey   | Noticed a two-headed ogre
  7582 | Bailey   | Killed a two-headed ogre
  7583 | Bailey   | Reached skill level 8 in Fighting
  7843 | D:9      | Found a staircase to the Orcish Mines.
  7874 | D:9      | Reached XP level 11. HP: 53/60 MP: 14/16
  8157 | D:9      | Found Apnuaj's Jewellery Boutique.
  8244 | D:9      | Found a shadowy altar of Dithmenos.
  8320 | D:9      | Noticed a two-headed ogre
  8327 | D:9      | Killed a two-headed ogre
  8723 | D:9      | Noticed Erica
  8732 | D:9      | Killed Erica
  9092 | D:10     | Entered Level 10 of the Dungeon
  9576 | D:10     | Noticed a two-headed ogre
  9584 | D:10     | Reached skill level 9 in Fighting
  9596 | D:10     | Killed a two-headed ogre
  9614 | D:10     | Noticed a two-headed ogre
  9635 | D:10     | Killed a two-headed ogre
 10011 | D:11     | Reached XP level 12. HP: 59/66 MP: 16/18
 10035 | D:11     | Found a gate leading to a gauntlet.
 10086 | Gauntlet | Entered a Gauntlet
 10086 | Gauntlet | Found a transporter.
 10086 | Gauntlet | Found a runed translucent gate.
 10086 | Gauntlet | Found a transporter.
 10092 | Gauntlet | Found a transporter.
 10093 | Gauntlet | Found a runed translucent gate.
 10093 | Gauntlet | Found a runed translucent gate.
 10104 | Gauntlet | Found a transporter.
 10122 | Gauntlet | Found a transporter.
 10122 | Gauntlet | Found a transporter.
 10123 | Gauntlet | Found a transporter.
 10125 | Gauntlet | Found a transporter.
 10125 | Gauntlet | Found a transporter.
 10134 | Gauntlet | Noticed a great orb of eyes
 10140 | Gauntlet | Found a transporter.
 10153 | Gauntlet | Found a transporter.
 10160 | Gauntlet | Noticed a dire elephant
 10163 | Gauntlet | Found a transporter.
 10177 | Gauntlet | Found a transporter.
 10211 | Gauntlet | Found a transporter.
 10494 | Gauntlet | Identified the +2 helmet of Reason {rN+ Int+3}
 10548 | Gauntlet | Noticed a minotaur
 10676 | Gauntlet | Killed a minotaur
 10685 | Gauntlet | Identified the amulet "Xeig" {Spirit rC+ rCorr}
 11035 | D:11     | Found a staircase to the Lair.
 11429 | Lair:1   | Entered Level 1 of the Lair of Beasts
 11429 | Lair:1   | Noticed a four-headed hydra
 11429 | Lair:1   | Noticed a seven-headed hydra
 11539 | D:12     | Noticed Jorgrun
 11663 | D:12     | Noticed a two-headed ogre
 11709 | D:11     | Killed a two-headed ogre
 11740 | D:12     | Noticed a soul eater
 11973 | D:11     | Killed Jorgrun
 11974 | D:11     | Reached skill level 10 in Fighting
 12140 | D:12     | Found a white marble altar of Elyvilon.
 12152 | D:12     | Noticed a two-headed ogre
 12172 | D:12     | Killed a two-headed ogre
 12173 | D:12     | Reached skill level 10 in Short Blades
 12339 | D:12     | Found Qivuj's Antique Weapon Emporium.
 12349 | D:12     | Bought a scorched dagger for 252 gold pieces
 12349 | D:12     | Identified the +2 dagger of Tenacity {drain, rElec rC-
                  | Will+} (You bought it in a shop on level 12 of the Dungeon)
 12394 | D:12     | Reached XP level 13. HP: 72/72 MP: 21/21
 12731 | D:13     | Noticed a vault guard
 13083 | D:13     | Reached skill level 10 in Invocations
 13143 | D:13     | Killed a vault guard
 13147 | D:13     | Noticed a vault guard
 13219 | D:13     | Killed a vault guard
 13220 | D:13     | Reached skill level 10 in Armour
 13340 | D:13     | Found a gate to the Vaults.
 13343 | D:13     | Noticed a vault guard
 13362 | D:13     | Killed a vault guard
 13416 | D:13     | Reached skill level 11 in Fighting
 13498 | D:13     | Noticed a vault guard
 13527 | D:13     | Killed a vault guard
 13991 | Orc:1    | Entered Level 1 of the Orcish Mines
 13991 | Orc:1    | Noticed an ettin
 14061 | D:9      | HP: 2/74 [ettin/+0 dire flail (22)]
 14062 | D:9      | Slain by an orc warrior

Illustrated notes

Levels and vault maps discovered:
D:1:      psy_arrival_basics, layout_basic,
          shapermc_ecumenical_altar_mp_highgroup
D:2:      layout_loops_ring, minmay_misc_feat_encased, mrwooster_statue_mirror,
          uniq_crazy_yiuf_cottage
D:3:      layout_loops_ring
D:4:      layout_rooms, minmay_temple_entry_nine_rooms, nicolae_stop_n_shop_2
D:5:      layout_gridville, uniq_duvessa
D:6:      layout_cave_pools, hangedman_decor_lopped
D:7:      layout_basic, amcnicky_mini_rare_corridor_liquid,
          minmay_a_box_with_orc_wizards_in_it, uniq_pikel
D:8:      nicolae_cairo_tiling, layout_cave_pools, serial_shops, shop,
          enter_bailey_3, special_room [special_room_orc], uniq_prince_ribbit1
D:9:      layout_loops_ring, nicolae_dithmenos_shadow_blocks,
          kennysheep_orc_monster_closet_entryway, serial_shops,
          nicolae_shop_statue_plus, minmay_chambers_of_fives, uniq_erica
D:10:     layout_small_grid, kennysheep_generic_room_15
D:11:     layout_basic, david_lair_shrubbed, gauntlet_entry_generic
D:12:     layout_rooms, serial_shops, nicolae_lakefront_shop, elyvilon_altar_3,
          uniq_jorgrun
D:13:     layout_gridville, lightli_vaults_fourway_checkpoint, serial_glass,
          glass_columns_b, glass_columns_a
D:14:     layout_roguey
Temple:   nicolae_temple_the_god_donut
Lair:1:   layout_cave_pods, infiniplex_staircase_pool
Orc:1:    layout_caves, biasface_ghost_orc_armoury, mines_bat_river

Skill      XL: |  1  2  3  4  5  6  7  8  9 10 11 12 13 |
---------------+----------------------------------------+-----
Short Blades   | 2 3 4 5 6 7 9 10 | 10.9
Fighting       | 3 4 5 6 8 9 10 11 | 11.1
Shields        | 3 4 5 |  5.5
Armour         | 3 4 5 6 7 8 9 10 | 10.2
Invocations    | 1 4 6 7 9 10 | 10.4

Action                   |  1- 3 |  4- 6 |  7- 9 | 10-12 | 13-15 || total
-------------------------+-------+-------+-------+-------+-------++-------
Melee: Rapier            |    93 |   203 |    82 |       |       ||   378
       Bite              |    24 |    50 |   149 |   409 |   107 ||   739
       Dagger            |       |       |   336 |   974 |   278 ||  1588
       Headbutt          |       |       |    91 |   270 |    91 ||   452
Evoke: Wand              |       |       |       |     2 |       ||     2
  Use: Potion            |       |     2 |     1 |     1 |       ||     4
       Scroll            |       |     6 |     4 |     8 |       ||    18
 Stab: Paralysed         |       |       |    16 |    45 |    11 ||    72
       Distracted        |       |       |       |     2 |       ||     2
Armor: Scale mail        |    40 |    61 |   110 |    62 |       ||   273
       Chain mail        |       |       |       |   187 |   130 ||   317
       Leather armour    |       |       |       |     1 |       ||     1
Dodge: Dodged            |    46 |   116 |   154 |   296 |   112 ||   724
Block: Buckler           |    14 |    51 |    91 |   157 |    66 ||   379
